Map: Cerulean Fall LE

Players

Future - Winner!

  • Race: Terran Terran
  • League: Grandmaster
  • Spawn Location: 1:00

A.I. 2 (Very Easy)

  • Race: Terran Terran
  • Spawn Location: 7:00

VOD

Have the link to the VOD?

Description

Time

  • Played on: Dec. 6, 2018, 5:29 p.m.
  • Length: 7:16
Show
View Real Time Build Order
Export as new Build Order

Future Terran - Winner!

Build Orders: Gas First Reaper Expand 

Get SALT Encoding   

  12  0:00  SCV  
  13  0:13  SCV  
  14  0:17  Supply Depot  
  14  0:25  SCV  
  15  0:31  Refinery  
  15  0:39  SCV  
  16  0:44  Barracks  
  16  0:51  SCV  
  17  1:03  SCV  
  18  1:15  SCV  
  19  1:31  Reaper, Orbital Command  
  20  1:43  Command Center  
  20  1:54  Factory  
  20  1:57  SCV  
  21  2:04  Refinery  
  21  2:08  Barracks Reactor  
  21  2:10  SCV  
  21  2:14  Supply Depot  
  22  2:22  SCV  
  23  2:36  SCV  
  24  2:40  Starport  
  24  2:41  Hellion  
  26  2:47  Marine x2  
  26  2:48  SCV  
  29  2:55  Orbital Command  
  29  3:00  SCV  
  30  3:06  Marine, Factory Tech Lab  
  30  3:12  SCV  
  32  3:17  Marine  
  32  3:19  Refinery  
  33  3:20  SCV  
  33  3:24  SCV, Marine  
  36  3:31  Raven  
  36  3:32  SCV, Factory Tech Lab  
  39  3:36  SCV  
  39  3:38  Marine  
  41  3:41  Marine, Supply Depot  
  41  3:44  SCV  
  43  3:49  SCV  
  44  3:56  SCV  
  44  3:59  Supply Depot  
  44  4:01  SCV  
  46  4:02  Marine  
  46  4:03  Siege Tank  
  46  4:05  Supply Depot  
  46  4:09  SCV  
  51  4:12  Marine  
  51  4:13  SCV  
  53  4:20  Marine, Raven  
  53  4:21  SCV, Supply Depot  
  57  4:25  SCV  
  57  4:30  Marine  
  59  4:33  SCV  
  59  4:38  Marine  
  59  4:39  Siege Tank  
  59  4:45  SCV x2  
  63  4:48  Marine  
  64  4:57  SCV x2, Refinery  
  67  5:00  Supply Depot  
  66  5:09  Command Center  
  66  5:11  Siege Tank  
  66  5:14  Viking x2  
  71  5:15  SCV x2  
  75  5:23  Supply Depot  
  75  5:27  SCV x2  
  75  5:28  Marine  
  78  5:43  Siege Tank  
  78  5:44  Viking x2  
  78  5:45  Marine  
  78  5:46  Engineering Bay  
  78  5:49  Engineering Bay  
  86  5:55  SCV x2  
  88  6:03  Marine  
  89  6:05  Barracks x2  
  89  6:07  SCV x2  
  91  6:14  Viking  
  93  6:20  Viking, Siege Tank  
  93  6:21  Marine  
  93  6:23  Orbital Command  
  99  6:28  Supply Depot  
  99  6:39  Marine  
  100  6:43  Barracks  
  100  6:47  Barracks  
  100  6:50  Orbital Command  
  100  6:57  Marine  
  100  6:58  Barracks Reactor x2  
  100  7:00  SCV x2  
  106  7:04  Supply Depot  
  106  7:05  Supply Depot  
Show
View Real Time Build Order
Export as new Build Order

A.I. 2 (Very Easy) Terran 

Build Orders:  

Get SALT Encoding   

  12  0:00  SCV  
  13  0:13  SCV  
  14  0:19  Supply Depot  
  14  0:37  Refinery  
  14  0:43  Barracks  
  14  1:07  Supply Depot  
  14  1:13  Refinery  
  14  1:30  Marine  
  14  1:31  SCV  
  16  1:43  SCV  
  17  1:55  SCV  
  17  2:00  Marine  
  19  2:08  SCV  
  20  2:20  SCV  
  21  2:30  Marine  
  21  2:32  SCV  
  23  2:44  Orbital Command  
  23  5:39  SCV, Marine  
  23  5:41  Supply Depot  
  23  5:42  Factory  
  25  6:02  SCV  
  25  6:06  Supply Depot  
  25  6:10  Marine  
  24  6:14  SCV  
  25  6:26  SCV, Starport  
  25  6:29  Barracks Tech Lab  
  26  6:39  SCV  
  27  6:40  Hellion  
  17  6:47  Supply Depot  
  6  7:05  Starport Tech Lab  
Tags
 
Add a new tag
Caveats
  • Supply blocks, unpowered buildings, or Contaminate may cause inaccurate times.
  • Supply counts are checked every 10 seconds.